AoeStats
← 只会打步弓

Arabia

510589691Analyzed
1v1 RM · 13h ago on Oct 1, 2026· 28m 44s· 2 players
Game mode
Random Map
Map size
Tiny (2 player)
Population
200
Speed
Normal
Resources
Standard
Victory
Conquest
Starting age
Dark Age
Ending age
Imperial Age
RankedLock teamsTeams togetherTeam positionsShared explorationLock speedFull tech treeHidden civsTurbo modeCheats
Victory
Defeat
🇹🇷 Hindustanis · Türkiye
2002
+14
🇨🇳 Varangians · China
1964
-14
只会打步弓
7:09 Loom
9:19 Feudal Age
14:37 Double-Bit Axe
20:23 Castle Age
20:30 Scale Barding Armor
21:18 Forging
21:24 Light Cavalry
27:38 Horse Collar
Bugra
6:28 Loom
8:36 Feudal Age
8:56 Man-at-Arms
19:54 Castle Age
17:55 Double-Bit Axe
17:56 Horse Collar
18:39 Gold Mining
19:15 Fletching
21:18 Bodkin Arrow
22:12 Bow Saw
25:34 Padded Archer Armor
26:13 Bloodlines
26:04 Husbandry
27:00 Heavy Plow
Connection lost

Rejoining the realm…

Still unreachable

The connection could not be restored.

Session expired

The server has moved on; the page needs a fresh start.